 Dungeon Crawl Stone Soup version 0.27.1-3-gb3d3a73c9e (webtiles) character file.

Game seed: 17522224914762538047

158 MisterFreud the Skirmisher (level 5, -5/51 HPs)
             Began as a Minotaur Abyssal Knight on Oct 26, 2021.
             Was a Believer of Lugonu.
             Killed by divine providence
             ... invoked by an orc priest
              (14 damage)
             ... on level 3 of the Dungeon.
             The game lasted 00:02:00 (2273 turns).

MisterFreud the Skirmisher (MiAK)                   Turns: 2273, Time: 00:02:00

Health: -5/51      AC:  8    Str: 17    XL:     5   Next: 16%
Magic:  14/14      EV:  9    Int:  9    God:    Lugonu [**....]
Gold:   66         SH:  0    Dex: 10    Spells: 4/4 levels left

rFire    . . .     SeeInvis .   a - +1 falchion
rCold    . . .     Faith    .   (no shield)
rNeg     . . .     Spirit   .   k - +0 scale mail
rPois    .         Reflect  .   l - +2 hat
rElec    .         Harm     .   (no cloak)
rCorr    .         Rampage  .   (no gloves)
Will     .....                  (no boots)
Stlth    ..........             (no amulet)
HPRegen  0.17/turn              i - ring of magical power
MPRegen  0.14/turn              (no ring)

@: no status effects
A: horns 2, retaliatory headbutt
a: Renounce Religion, Depart the Abyss, Bend Space


You were on level 3 of the Dungeon.
You worshipped Lugonu.
Lugonu was pleased with you.
You visited 1 branch of the dungeon, and saw 3 of its levels.
You visited the Abyss 1 time.

You collected 66 gold pieces.

Inventory:

Hand Weapons
 a - a +1 falchion (weapon)
Missiles
 d - 13 poisoned darts
Armour
 b - a +0 leather armour
 k - a +0 scale mail (worn)
 l - a +2 hat (worn)
Jewellery
 i - a ring of magical power (left hand)
Scrolls
 e - 2 scrolls of identify {unknown}
 g - 2 scrolls of fear {unknown}
 j - a scroll of holy word {unknown}
Potions
 c - 3 potions of invisibility {unknown}
 f - a potion of curing {unknown}
 h - 2 potions of heal wounds {unknown}


   Skills:
 * Level 6.8 Fighting
 - Level 2.8 Long Blades
 - Level 2.4 Armour
 - Level 1.2 Dodging
 - Level 2.0 Invocations


You had 4 spell levels left.
You didn't know any spells.
Your spell library contained the following spells:

 Spells                   Type           Power      Damage    Failure   Level
 Shock                    Conj/Air       0%         1d3       80%         1
 Conjure Flame            Conj/Fire      0%         6-21      99%         3
 Fulminant Prism          Conj/Hex       0%         3d6       100%        4
 Olgreb's Toxic Radiance  Pois           0%         N/A       100%        4
 Bolt of Magma            Conj/Fire/Erth 0%         4d4       100%        5
 Orb of Destruction       Conj           0%         N/A       100%        7
 Ozocubu's Refrigeration  Ice            0%         4d5       100%        7
 Ignition                 Fire           0%         3d3       100%        8


Dungeon Overview and Level Annotations

Branches:
Dungeon (3/15)

Altars:
Vehumet


Innate Abilities, Weirdness & Mutations

You have a pair of horns on your head.
You reflexively headbutt those who attack you in melee.


Message History

You kill the adder!
Lugonu accepts your kill.
The hobgoblin moves out of view.
The orc hits you but does no damage. Space bends around you.
You hit the hobgoblin.
You kill the hobgoblin!
Lugonu accepts your kill.
The orc hits you with a +2 hand axe of distortion.
Space bends around you.
You see here a scroll labelled PUNTEL IQI ATZ.
Your scale mail prevents you from hitting the orc.
You headbutt the orc.
The orc is lightly wounded.
The orc hits you with a +2 hand axe of distortion.
Space bends around you.
You hit the orc.
The orc is heavily wounded.
The orc hits you but does no damage. Space warps horribly around you!!
The orc priest begins to cast a cantrip, but forgets the words!
You slash the orc!
You kill the orc!
Lugonu accepts your kill.
You are too injured to fight recklessly!
You hit the orc.
The orc is lightly wounded.
The orc closely misses you.
The orc priest invokes the aid of Beogh against you.
Beogh smites you!
* * * LOW HITPOINT WARNING * * *
You barely miss the orc.
The orc is lightly wounded.
The orc hits you but does no damage.
You are too injured to fight recklessly!
You slash the orc!
You kill the orc!
Lugonu accepts your kill.
The orc priest miscasts a cantrip.
The orc priest mumbles some strange prayers to Beogh against you.
Beogh smites you!
You die...

..................
..................+ ....
..................#.....#
................<.#.....#
..[...............#......
........................
.........................
...<................#....
...............†@........
..###...#.#..##.#o#.#.##
..# #...#.#..##.#.#....#
# ..#
#.(.+.#.....#o#....##.##
..#
#...###.#####.#.........
..####### #.#
#o#.........
.......####.#
#.##†.......
##.....+..#.#
#?...>......
##.....##.#.#
#.........##


You could see an orc priest and 2 orcs.

Vanquished Creatures
  An iguana (D:3)
  Natasha (D:2)
  Terence (D:2)
  3 adders
  2 orcs (D:3)
  3 endoplasms
  4 giant cockroaches
  5 goblins
  6 hobgoblins
  4 jackals (D:2)
  A quokka (D:2)
  3 ball pythons
  5 bats
  2 frilled lizards (D:1)
  3 kobolds (D:1)
  4 rats
48 creatures vanquished.

Notes
Turn   | Place    | Note
-------+----------+-------------------------------------------
     0 | Abyss:1  | MisterFreud the Minotaur Abyssal Knight began the quest for
                  | the Orb.
     0 | Abyss:1  | Reached XP level 1. HP: 19/19 MP: 1/1
    20 | D:1      | Escaped the Abyss
   201 | D:1      | Reached XP level 2. HP: 21/27 MP: 2/2
   294 | D:1      | Found a faded altar of an unknown god.
   451 | D:1      | Reached skill level 4 in Fighting
   981 | D:2      | Reached ** piety under Lugonu
  1145 | D:2      | Got the Handbook of Fiery Attacks
  1280 | D:2      | Reached XP level 3. HP: 25/35 MP: 3/3
  1431 | D:2      | Reached skill level 5 in Fighting
  1544 | D:2      | Noticed Terence
  1554 | D:2      | Killed Terence
  1555 | D:2      | Reached XP level 4. HP: 37/44 MP: 4/4
  1804 | D:2      | Noticed Natasha
  1812 | D:2      | Killed Natasha
  1813 | D:2      | Reached skill level 6 in Fighting
  2113 | D:3      | Found a radiant altar of Vehumet.
  2194 | D:3      | Reached XP level 5. HP: 46/51 MP: 5/5
  2273 | D:3      | Killed from afar by an orc priest

Illustrated notes

Levels and vault maps discovered:
D:1:      pf_arrival_petrified_forest, layout_rooms,
          dreamdust_ecumenical_altar_grove, hangedman_decor_push
D:2:      layout_loops_ring, uniq_terence, uniq_natasha
D:3:      layout_basic, mainiacjoe_overflow_chevrons

Skill      XL: |  1  2  3  4 |
---------------+-------------+-----
Invocations    | 2 |  2.0
Fighting       | 4 5 6 |  6.8
Long Blades    | |  2.8
Armour         | |  2.4
Dodging        | |  1.2

Action                   |  1- 3 |  4- 6 || total
-------------------------+-------+-------++-------
Melee: Falchion          |    71 |    40 ||   111
       Headbutt          |     9 |     6 ||    15
Armor: Leather armour    |    20 |       ||    20
       Scale mail        |       |    20 ||    20
Dodge: Dodged            |    29 |    14 ||    43
       Rpst.: Falchion   |     7 |     6 ||    13
